TOP OF THE 1ST |
Texas A&M Aggies batting - Pitching for Arizona Wildcats : LHP Lonnie Phillips
|
Pitching: LHP Lonnie Phillips
|
|
Batting: RHB Irwin Robinson
|
0-0: Foul Ball, location: 2F 0-1: Ball 1-1: Swinging Strike 1-2: Ball 2-2: Ground out 4-3 (Groundball, 4MS)
|
Batting: RHB Júlio Hobbs
|
0-0: Ball 1-0: Ground out 4-3 (Groundball, 4)
|
Batting: LHB Edward Bennett
|
0-0: Foul Ball, location: 2F 0-1: Foul Ball, location: 2F 0-2: Ball 1-2: Strikes out swinging
|
Top of the 1st over - 0 run(s), 0 hit(s), 0 error(s), 0 left on base; Texas A&M 0 - Arizona 0 |
BOTTOM OF THE 1ST |
Arizona Wildcats batting - Pitching for Texas A&M Aggies : RHP Will Sizemore
|
Pitching: RHP Will Sizemore
|
|
Batting: RHB Dean Oglethorpe
|
0-0: Fly out, F8 (Flyball, 8LD)
|
Batting: RHB Donald Fenner
|
0-0: Ball 1-0: Swinging Strike 1-1: Foul Ball, location: 2F 1-2: Strikes out swinging
|
Batting: LHB Larry Battle
|
0-0: Ball 1-0: Foul Ball, location: 2F 1-1: Ball 2-1: Called Strike 2-2: Foul Ball, location: 2F 2-2: Foul Ball, location: 2F 2-2: Ball 3-2: Foul Ball, location: 2F 3-2: Foul Ball, location: 2F 3-2: Ground out 6-3 (Groundball, 56)
|
Bottom of the 1st over - 0 run(s), 0 hit(s), 0 error(s), 0 left on base; Texas A&M 0 - Arizona 0 |
TOP OF THE 2ND |
Texas A&M Aggies batting - Pitching for Arizona Wildcats : LHP Lonnie Phillips
|
Batting: RHB William Dyer
|
0-0: Ball 1-0: Ball 2-0: Ground out 5-3 (Groundball, 56)
|
Batting: RHB Jason Lawson
|
0-0: Ball 1-0: Ball 2-0: Ball 3-0: Base on Balls
|
Batting: RHB Daniel Pineda
|
0-0: Ball 1-0: Foul Ball, location: 2F 1-1: Foul Ball, location: 2F 1-2: Ball 2-2: Fielders Choice at 2nd, 5-4 (Groundball, 56)
|
Batting: RHB Jack Gillespie
|
0-0: Called Strike 0-1: Called Strike 0-2: Strikes out swinging
|
Top of the 2nd over - 0 run(s), 0 hit(s), 0 error(s), 1 left on base; Texas A&M 0 - Arizona 0 |
BOTTOM OF THE 2ND |
Arizona Wildcats batting - Pitching for Texas A&M Aggies : RHP Will Sizemore
|
Batting: RHB Jon Hartley
|
0-0: Ball 1-0: Fly out, F8 (Flyball, 8RS)
|
Batting: SHB José Acevedo
|
0-0: Called Strike 0-1: Ball 1-1: Fly out, F6 (Popup, 6)
|
Batting: SHB Andrew Walters
|
0-0: Ground out 3-1 (Groundball, 34)
|
Bottom of the 2nd over - 0 run(s), 0 hit(s), 0 error(s), 0 left on base; Texas A&M 0 - Arizona 0 |
TOP OF THE 3RD |
Texas A&M Aggies batting - Pitching for Arizona Wildcats : LHP Lonnie Phillips
|
Batting: RHB Mike Tate
|
0-0: Ball 1-0: Ground out 6-3 (Groundball, 6)
|
Batting: RHB Anthony Graham
|
0-0: Ball 1-0: SOLO HOME RUN (Flyball, 89XD), Distance : 366 ft
|
Batting: RHB Irwin Robinson
|
0-0: Ball 1-0: Called Strike 1-1: Ball 2-1: Foul Ball, location: 2F 2-2: Strikes out looking
|
Batting: RHB Júlio Hobbs
|
0-0: Ball 1-0: Ball 2-0: SINGLE (Line Drive, 4M)
|
Batting: LHB Edward Bennett
|
0-0: Called Strike 0-1: Foul Ball, location: 2F 0-2: Ball 1-2: SINGLE (Line Drive, 4MD) Júlio Hobbs to second Runner from 2nd tries for 3rd, SAFE, throw made to third
|
Batting: RHB William Dyer
|
0-0: Swinging Strike 0-1: Ball 1-1: Fly out, F7 (Flyball, 78M)
|
Top of the 3rd over - 1 run(s), 3 hit(s), 0 error(s), 2 left on base; Texas A&M 1 - Arizona 0 |
BOTTOM OF THE 3RD |
Arizona Wildcats batting - Pitching for Texas A&M Aggies : RHP Will Sizemore
|
Batting: RHB José Luján
|
0-0: Ball 1-0: Ball 2-0: SINGLE (Line Drive, 6)
|
Batting: RHB Lúcio Pagán
|
0-0: Ball 1-0: Foul Ball, location: 2F 1-1: Ball 2-1: Fly out, F9 (Flyball, 9LMF)
|
Batting: RHB Thomas Bravo
|
0-0: Ball 1-0: Called Strike 1-1: Ball 2-1: Ball 3-1: Called Strike 3-2: Ground out 6-3 (Groundball, 6) José Luján to second
|
Batting: RHB Dean Oglethorpe
|
0-0: SINGLE (Groundball, 6M) (infield hit) José Luján to third
|
Batting: RHB Donald Fenner
|
0-0: Foul Ball, location: 2F 0-1: Ball 1-1: Ball 2-1: Called Strike 2-2: Foul Ball, location: 2F 2-2: Foul Ball, location: 2F 2-2: Ball Dean Oglethorpe steals 2nd base 3-2: Foul Ball, location: 2F 3-2: Ground out 6-3 (Groundball, 6)
|
Bottom of the 3rd over - 0 run(s), 2 hit(s), 0 error(s), 2 left on base; Texas A&M 1 - Arizona 0 |
TOP OF THE 4TH |
Texas A&M Aggies batting - Pitching for Arizona Wildcats : LHP Lonnie Phillips
|
Batting: RHB Jason Lawson
|
0-0: Ball 1-0: Ball 2-0: Called Strike 2-1: Called Strike 2-2: Strikes out swinging
|
Batting: RHB Daniel Pineda
|
0-0: Ball 1-0: Ball 2-0: Ground out 4-3 (Groundball, 34)
|
Batting: RHB Jack Gillespie
|
0-0: Ball 1-0: Foul Ball, location: 2F 1-1: Ball 2-1: Foul Ball, location: 2F 2-2: Foul Ball, location: 2F 2-2: Ball 3-2: Foul Ball, location: 2F 3-2: Base on Balls
|
Batting: RHB Mike Tate
|
0-0: Called Strike 0-1: Called Strike Jack Gillespie is caught stealing 2nd base
|
Top of the 4th over - 0 run(s), 0 hit(s), 0 error(s), 0 left on base; Texas A&M 1 - Arizona 0 |
BOTTOM OF THE 4TH |
Arizona Wildcats batting - Pitching for Texas A&M Aggies : RHP Will Sizemore
|
Batting: LHB Larry Battle
|
0-0: Ball 1-0: Called Strike 1-1: Ball 2-1: Ball 3-1: SINGLE (Groundball, 4MD)
|
Batting: RHB Jon Hartley
|
0-0: Ball 1-0: Swinging Strike 1-1: Fly out, F9 (Flyball, 9LMF)
|
Batting: SHB José Acevedo
|
0-0: Ball 1-0: Called Strike 1-1: Grounds into double play, 6-4-3 (Groundball, 56)
|
Bottom of the 4th over - 0 run(s), 1 hit(s), 0 error(s), 0 left on base; Texas A&M 1 - Arizona 0 |
TOP OF THE 5TH |
Texas A&M Aggies batting - Pitching for Arizona Wildcats : LHP Lonnie Phillips
|
Batting: RHB Mike Tate
|
0-0: Called Strike 0-1: Ball 1-1: Bunt missed! 1-2: Foul Ball, location: 2F 1-2: Ball 2-2: Ball 3-2: Base on Balls
|
Batting: RHB Anthony Graham
|
0-0: Swinging Strike 0-1: Ball 1-1: Ball 2-1: Foul Ball, location: 2F 2-2: 2-RUN HOME RUN (Line Drive, 7D), Distance : 361 ft
|
Batting: RHB Irwin Robinson
|
0-0: Ball 1-0: Ball 2-0: SOLO HOME RUN (Flyball, 78XD), Distance : 376 ft
|
Pitching: LHP Pat Jenkins
|
|
Batting: RHB Júlio Hobbs
|
0-0: Ball 1-0: Ball 2-0: Fly out, F9 (Flyball, 89S)
|
Batting: LHB Edward Bennett
|
0-0: Ball 1-0: Ground out 3-1 (Groundball, 34)
|
Batting: RHB William Dyer
|
0-0: Ball 1-0: Ball 2-0: Foul Ball, location: 2F 2-1: Foul Ball, location: 2F 2-2: Foul Ball, location: 2F 2-2: Foul Ball, location: 2F 2-2: Strikes out swinging
|
Top of the 5th over - 3 run(s), 2 hit(s), 0 error(s), 0 left on base; Texas A&M 4 - Arizona 0 |
BOTTOM OF THE 5TH |
Arizona Wildcats batting - Pitching for Texas A&M Aggies : RHP Will Sizemore
|
Batting: SHB Andrew Walters
|
0-0: Ball 1-0: Called Strike 1-1: Swinging Strike 1-2: Ball 2-2: SINGLE (Groundball, 34D)
|
Batting: RHB José Luján
|
0-0: Called Strike 0-1: Foul Ball, location: 2F 0-2: Strikes out looking
|
Batting: RHB Lúcio Pagán
|
0-0: Ball 1-0: Called Strike 1-1: Ball 2-1: Ball 3-1: Base on Balls Andrew Walters to second
|
Batting: RHB Thomas Bravo
|
0-0: Ball 1-0: Foul Ball, location: 2F 1-1: Foul Ball, location: 2F 1-2: Ball 2-2: SINGLE (Groundball, 4M) (infield hit) Andrew Walters to third Lúcio Pagán to second
|
Batting: RHB Dean Oglethorpe
|
0-0: Ground out 5-3 (Groundball, 56S) Andrew Walters scores Lúcio Pagán to third Thomas Bravo to second
|
Batting: RHB Donald Fenner
|
0-0: Called Strike 0-1: Called Strike 0-2: Foul Ball, location: 2F 0-2: Strikes out swinging
|
Bottom of the 5th over - 1 run(s), 2 hit(s), 0 error(s), 2 left on base; Texas A&M 4 - Arizona 1 |
TOP OF THE 6TH |
Texas A&M Aggies batting - Pitching for Arizona Wildcats : LHP Pat Jenkins
|
Batting: RHB Jason Lawson
|
0-0: Called Strike 0-1: Swinging Strike 0-2: Ball 1-2: Fly out, F8 (Flyball, 8LM)
|
Batting: RHB Daniel Pineda
|
0-0: Ball 1-0: Foul Ball, location: 2F 1-1: DOUBLE (Line Drive, 7LM)
|
Batting: RHB Jack Gillespie
|
0-0: Ball 1-0: Called Strike 1-1: Ball 2-1: Foul Ball, location: 2F 2-2: Ball 3-2: Foul Ball, location: 2F 3-2: Base on Balls
|
Batting: RHB Mike Tate
|
0-0: Called Strike 0-1: Swinging Strike 0-2: Foul Ball, location: 2F 0-2: SINGLE (Groundball, 6MD) Daniel Pineda to third Jack Gillespie to second
|
Batting: RHB Anthony Graham
|
0-0: Foul Ball, location: 2F 0-1: Ball 1-1: Ball 2-1: Ball 3-1: Base on Balls Daniel Pineda scores Jack Gillespie to third Mike Tate to second
|
Batting: RHB Irwin Robinson
|
0-0: Ball 1-0: Called Strike 1-1: Ball 2-1: Fielders Choice at 2nd, 6-4 (Groundball, 6) Jack Gillespie scores Mike Tate to third
|
Pitching: RHP Cedric Shaw
|
|
Batting: RHB Júlio Hobbs
|
0-0: Called Strike 0-1: Ball 1-1: Swinging Strike 1-2: Foul Ball, location: 2F 1-2: Ball Irwin Robinson is caught stealing 2nd base
|
Top of the 6th over - 2 run(s), 2 hit(s), 0 error(s), 0 left on base; Texas A&M 6 - Arizona 1 |
BOTTOM OF THE 6TH |
Arizona Wildcats batting - Pitching for Texas A&M Aggies : RHP Will Sizemore
|
Batting: LHB Larry Battle
|
0-0: Ball 1-0: Ball 2-0: Foul Ball, location: 2F 2-1: Called Strike 2-2: Ball 3-2: Foul Ball, location: 2F 3-2: Fly out, F7 (Flyball, 7LMF)
|
Pitching: RHP Jorge Núńez
|
|
Batting: RHB Jon Hartley
|
0-0: Called Strike 0-1: Swinging Strike 0-2: Strikes out swinging
|
Batting: SHB José Acevedo
|
0-0: Ball 1-0: Foul Ball, location: 2F 1-1: Called Strike 1-2: Fly out, F7 (Flyball, 7)
|
Bottom of the 6th over - 0 run(s), 0 hit(s), 0 error(s), 0 left on base; Texas A&M 6 - Arizona 1 |
TOP OF THE 7TH |
Texas A&M Aggies batting - Pitching for Arizona Wildcats : RHP Cedric Shaw
|
Batting: RHB Júlio Hobbs
|
0-0: Fly out, F7 (Flyball, 7)
|
Batting: LHB Edward Bennett
|
0-0: Swinging Strike 0-1: Ground out 3-1 (Groundball, 34)
|
Batting: RHB William Dyer
|
0-0: Called Strike 0-1: Swinging Strike 0-2: DOUBLE (Line Drive, 7LS)
|
Batting: RHB Jason Lawson
|
0-0: Ball 1-0: Called Strike 1-1: Swinging Strike 1-2: Fly out, F9 (Flyball, 89D)
|
Top of the 7th over - 0 run(s), 1 hit(s), 0 error(s), 1 left on base; Texas A&M 6 - Arizona 1 |
BOTTOM OF THE 7TH |
Arizona Wildcats batting - Pitching for Texas A&M Aggies : RHP Jorge Núńez
|
Batting: SHB Andrew Walters
|
0-0: Called Strike 0-1: Ball 1-1: Ball 2-1: DOUBLE (Line Drive, 7LS)
|
Batting: RHB José Luján
|
0-0: Ball Wild Pitch! Andrew Walters to third 1-0: Called Strike 1-1: Ball 2-1: Ball 3-1: Foul Ball, location: 2F 3-2: Base on Balls
|
Batting: RHB Lúcio Pagán
|
0-0: Ball 1-0: Called Strike José Luján is caught stealing 2nd base 1-1: Called Strike 1-2: 2-RUN HOME RUN (Flyball, 78XD), Distance : 385 ft
|
Pitching: LHP John Nelson
|
|
Batting: RHB Thomas Bravo
|
0-0: Ball 1-0: Ball 2-0: Called Strike 2-1: Called Strike 2-2: Foul Ball, location: 2F 2-2: Strikes out swinging
|
Batting: RHB Dean Oglethorpe
|
0-0: Ball 1-0: Ball 2-0: Foul Ball, location: 2F 2-1: Ball 3-1: TRIPLE (Flyball, 78D)
|
Batting: RHB Donald Fenner
|
0-0: Ball 1-0: Ball 2-0: Ball 3-0: Base on Balls
|
Batting: LHB Larry Battle
|
0-0: Ball 1-0: SINGLE (Groundball, 6D) Dean Oglethorpe scores Donald Fenner to second
|
Batting: RHB Jon Hartley
|
0-0: Foul Ball, location: 2F 0-1: Ball 1-1: Fielders Choice at 2nd, 6-4 (Groundball, 6)
|
Bottom of the 7th over - 3 run(s), 4 hit(s), 0 error(s), 1 left on base; Texas A&M 6 - Arizona 4 |
TOP OF THE 8TH |
Texas A&M Aggies batting - Pitching for Arizona Wildcats : RHP Cedric Shaw
|
Batting: RHB Daniel Pineda
|
0-0: Ball 1-0: Fly out, F8 (Flyball, 8LM)
|
Batting: RHB Jack Gillespie
|
0-0: SINGLE (Flyball, 78S)
|
Batting: RHB Mike Tate
|
0-0: Ball 1-0: Ball 2-0: Ball 3-0: Called Strike 3-1: Foul Ball, location: 2F 3-2: Grounds into double play, 4-6-3 (Groundball, 4)
|
Top of the 8th over - 0 run(s), 1 hit(s), 0 error(s), 0 left on base; Texas A&M 6 - Arizona 4 |
BOTTOM OF THE 8TH |
Arizona Wildcats batting - Pitching for Texas A&M Aggies : LHP John Nelson
|
Now at 1B: Steve Hoffman
|
|
Batting: SHB José Acevedo
|
0-0: Ball 1-0: Foul Ball, location: 2F 1-1: Called Strike 1-2: SINGLE (Flyball, 89S)
|
Pitching: RHP Pedro Alvarado
|
|
Batting: SHB Andrew Walters
|
0-0: Called Strike 0-1: Swinging Strike 0-2: Strikes out swinging
|
Batting: RHB José Luján
|
0-0: Ball 1-0: Ball 2-0: Called Strike 2-1: Ball 3-1: Swinging Strike 3-2: Base on Balls José Acevedo to second
|
Batting: RHB Lúcio Pagán
|
0-0: Ball 1-0: Ball 2-0: Ball 3-0: Called Strike 3-1: SINGLE (Line Drive, 7S) José Acevedo to third José Luján to second Runner from 3rd tries for Home, SAFE, throw made home
|
Batting: RHB Thomas Bravo
|
0-0: Ball 1-0: Swinging Strike 1-1: Fly out, F1 (Line Drive, 15S)
|
Batting: RHB Dean Oglethorpe
|
0-0: Called Strike 0-1: Ground out 3-1 (Groundball, 34S)
|
Bottom of the 8th over - 1 run(s), 2 hit(s), 0 error(s), 2 left on base; Texas A&M 6 - Arizona 5 |
TOP OF THE 9TH |
Texas A&M Aggies batting - Pitching for Arizona Wildcats : RHP Cedric Shaw
|
Batting: RHB Anthony Graham
|
0-0: Ball 1-0: Swinging Strike 1-1: Swinging Strike 1-2: Foul Ball, location: 2F 1-2: Ball 2-2: Ball 3-2: Base on Balls
|
Batting: RHB Irwin Robinson
|
0-0: Ground out 5-3 (Groundball, 56) Anthony Graham to second
|
Batting: RHB Júlio Hobbs
|
0-0: Ball 1-0: Called Strike 1-1: Ground out 6-3 (Groundball, 6S) Anthony Graham to third
|
Batting: LHB Edward Bennett
|
0-0: Swinging Strike 0-1: Foul Ball, location: 2F 0-2: Ground out 4-3 (Groundball, 4)
|
Top of the 9th over - 0 run(s), 0 hit(s), 0 error(s), 1 left on base; Texas A&M 6 - Arizona 5 |
BOTTOM OF THE 9TH |
Arizona Wildcats batting - Pitching for Texas A&M Aggies : RHP Pedro Alvarado
|
Pitching: RHP Ed Fletcher
|
|
Batting: RHB Donald Fenner
|
0-0: Called Strike 0-1: Foul Ball, location: 2F 0-2: Ball 1-2: Ball 2-2: Foul Ball, location: 2F 2-2: Ball 3-2: Strikes out swinging
|
Batting: LHB Larry Battle
|
0-0: Ball 1-0: Foul Ball, location: 2F 1-1: Ball 2-1: Ball 3-1: Ground out 4-3 (Groundball, 4D)
|
Batting: RHB Jon Hartley
|
0-0: Ground out 4-3 (Groundball, 34)
|
Bottom of the 9th over - 0 run(s), 0 hit(s), 0 error(s), 0 left on base; Texas A&M 6 - Arizona 5 |
|